 Dungeon Crawl Stone Soup version 0.29.1-15-g9cfb28693d (webtiles) character file.

Game seed: 10807179559551149701

2007 Peloso the Carver (level 9, 0/78 HPs)
             Began as a Minotaur Fighter on Apr 20, 2023.
             Was a Believer of Okawaru.
             Slain by Duvessa
             ... wielding a +2 short sword of speed
              (15 damage)
             ... on level 6 of the Dungeon.
             The game lasted 00:09:59 (6732 turns).

Peloso the Carver (Minotaur Fighter)                Turns: 6732, Time: 00:09:59

Health: 0/78       AC: 12    Str: 23    XL:     9   Next: 2%
Magic:  8/8        EV:  9    Int:  5    God:    Okawaru [**....]
Gold:   105        SH:  5    Dex: 12    Spells: 8/8 levels left

rFire   . . .      SeeInvis +   a - +0 long sword (holy)
rCold   . . .      Faith    .   c - +0 buckler
rNeg    . . .      Spirit   .   D - +0 chain mail
rPois   .          Reflect  .   (helmet restricted)
rElec   .          Harm     .   (no cloak)
rCorr   .          Rampage  .   s - +0 pair of gloves
Will    .....                   (no boots)
Stlth   ..........              (no amulet)
HPRegen 0.23/turn               u - ring of flight
MPRegen 0.11/turn               t - ring of see invisible

@: flying
A: horns 2, retaliatory headbutt
a: Renounce Religion, Heroism


You were on level 6 of the Dungeon.
You worshipped Okawaru.
Okawaru was pleased with you.
You visited 1 branch of the dungeon, and saw 6 of its levels.

You collected 254 gold pieces.
You spent 149 gold pieces at shops.

Inventory:

Hand Weapons
 a - a +0 long sword of holy wrath (weapon)
 b - a +0 dagger of flaming
Armour
 c - a +0 buckler (worn)
 s - a +0 pair of gloves (worn)
 w - a +0 scale mail
 D - a +0 chain mail (worn)
Jewellery
 t - a ring of see invisible (right hand)
 u - a ring of flight (left hand)
Wands
 A - a wand of mindburst (18)
 B - a wand of roots (4)
 C - a wand of polymorph (2)
Scrolls
 e - 7 scrolls of teleportation
 j - 4 scrolls of immolation {unknown}
 k - a scroll of identify
 m - 3 scrolls of vulnerability {unknown}
 n - a scroll of blinking {unknown}
 o - a scroll of butterflies {unknown}
 r - 2 scrolls of magic mapping {unknown}
 y - a scroll of noise {unknown}
 F - a scroll of silence {unknown}
 G - a scroll of poison {unknown}
 H - a scroll of acquirement {unknown}
Potions
 d - 4 potions of might
 f - 2 potions of magic
 g - 4 potions of berserk rage
 h - a potion of invisibility
 i - a potion of mutation {unknown}
 l - a potion of brilliance {unknown}
 p - 2 potions of resistance {unknown}
 q - 3 potions of degeneration {unknown}
 v - a potion of attraction {unknown}
 x - a potion of curing {unknown}
 z - a potion of flight {unknown}
 E - a potion of haste {unknown}


   Skills:
 + Level 6.5 Fighting
 + Level 8.5 Long Blades
 + Level 7.7 Armour
 + Level 4.4 Dodging
 + Level 1.1 Stealth
 + Level 6.0 Shields
 + Level 1.0 Invocations


You had 8 spell levels left.
You didn't know any spells.
Your spell library contained the following spells:

 Spells                   Type           Power      Damage    Failure   Level
 Magic Dart               Conj           0%         1d3       99%         1
 Ensorcelled Hibernation  Hex/Ice        0%         N/A       100%        2
 Poisonous Vapours        Pois/Air       0%         N/A       100%        2
 Searing Ray              Conj           0%         2d4       100%        2
 Ignite Poison            Fire/Tmut/Pois 0%         N/A       100%        3
 Mephitic Cloud           Conj/Pois/Air  0%         N/A       100%        3
 Spider Form              Tmut/Pois      0%         N/A       100%        3
 Anguish                  Hex/Necr       0%         N/A       100%        4
 Corpse Rot               Necr/Pois/Air  0%         N/A       100%        4
 Fulminant Prism          Conj/Hex       0%         3d6       100%        4
 Freezing Cloud           Conj/Ice/Air   0%         6-21      100%        5
 Orb of Destruction       Conj           0%         9d5       100%        7
 Summon Guardian Golem    Hex/Summ       Unusable   N/A       N/A         3
 Spellforged Servitor     Conj/Summ      Unusable   N/A       N/A         7

Dungeon Overview and Level Annotations

Branches:
Dungeon (6/15)             Temple (0/1) D:4

Altars:
Dithmenos
Okawaru
Sif Muna
Xom
The Shining One

Shops:
D:2 !*[(

Annotations:
D:4 3 runed translucent doors, Peloso's ghost, weakling MiFi
D:6 2 transporters, Duvessa; H0rd4k's ghost, novice OpAr; Pikel


Innate Abilities, Weirdness & Mutations

You have a pair of horns on your head.
You reflexively headbutt those who attack you in melee.


Message History

The iguana is moderately wounded.
You block the iguana's attack.
You barely miss the iguana.
The iguana is moderately wounded.
You hit the iguana.
The iguana is heavily wounded.
The iguana bites you. x2
You slash the iguana!
You kill the iguana!
Okawaru accepts your kill.
You see here an iguana corpse.
You see here an iguana corpse.
Things that are here:
a +0 dagger; a +0 robe; the elf corpse of Dowan You start resting.
HP restored.
Things that are here:
a +0 dagger; a +0 robe; the elf corpse of Dowan Duvessa, Sister of Dowan comes into view.
She is wielding a +2 short sword of speed.
Duvessa shouts!
Duvessa goes berserk!
You hear a shout!
The lemure shouts!
A lemure comes into view.
Pikel, Merchant of Souls comes into view.
He is wielding a +2 whip of freezing.
Pikel shouts!
Duvessa rages.
Duvessa attacks as you move away!
Duvessa hits you with a +2 short sword of speed! x2
Duvessa attacks as you move away!
Duvessa hits you with a +2 short sword of speed!!
Duvessa attacks as you move away! Duvessa completely misses you.
Duvessa hits you with a +2 short sword of speed.
Duvessa attacks as you move away! Duvessa barely misses you.
Duvessa hits you with a +2 short sword of speed.
Duvessa hits you with a +2 short sword of speed!
* * * LOW HITPOINT WARNING * * *
Duvessa attacks as you move away!
Duvessa hits you with a +2 short sword of speed!
You die...

#.#..#.#.!#.# #...###
#..##...##..# ##.#.## #..# ...#
..# ##..#..## #.#. #.#. .#
####..###..# ####....##.##..
############......##...'#.
########.......:.>......##..8..##
...............†.......##..8.8..#
.........K5....e@.)..###..8._.8..
.........########)##...##..8.8..#
..^..(...# #.####..##..8..##
.....$...# #.## ##..##...##.
.........# #..#####..##.##..
....5....# ##...####..###..#
...5.....# ###...###..#..##
...K....[# ###..###.#.##
.........# ##...#...#


You could see Pikel, Duvessa (berserk) and a lemure.

Vanquished Creatures
  A wyvern (D:5)
  3 black bears
  An ice beast (D:5)
  A sky beast (D:6)
  A lemure (D:6)
  A phantom (D:4)
  A kobold brigand (D:6)
  A scorpion (D:6)
  A necrophage (D:4)
  Dowan (D:6)
  8 hounds
  4 orc priests
  4 jellies
  6 iguanas
  3 orc wizards
  Natasha (thrice) (D:2)
  8 gnolls
  8 adders
  4 white imps
  3 ufetubi
  3 worms
  3 dart slugs
  16 orcs
  6 bats
  6 endoplasms
  4 goblins
  9 hobgoblins
  7 jackals
  3 quokkas
  9 ball pythons
  2 frilled lizards (D:2)
  9 kobolds
  7 rats
147 creatures vanquished.

Notes
Turn   | Place    | Note
-------+----------+-------------------------------------------
     0 | D:1      | Peloso the Minotaur Fighter began the quest for the Orb.
     0 | D:1      | Reached XP level 1. HP: 19/19 MP: 0/0
    49 | D:1      | You fall into a shaft and drop 1 floor!
    54 | D:2      | Found Mautie's Magic Scroll Shoppe.
    67 | D:2      | Found a faded altar of an unknown god.
   158 | D:2      | Reached XP level 2. HP: 7/27 MP: 1/1
   502 | D:2      | Noticed Natasha
   519 | D:2      | Killed Natasha
   520 | D:2      | Reached skill level 3 in Long Blades
   520 | D:2      | Reached XP level 3. HP: 24/33 MP: 2/2
   625 | D:2      | Noticed Natasha
   634 | D:2      | Killed Natasha
   635 | D:2      | Reached XP level 4. HP: 36/40 MP: 3/3
   880 | D:2      | Found Irass's Distillery.
   899 | D:2      | Noticed Natasha
   905 | D:2      | Killed Natasha
   912 | D:2      | Found Gifich's Assorted Antiques.
   928 | D:2      | Found Ywosh's Antique Weapon Emporium.
   986 | D:2      | Found Zorug's Armour Boutique.
   989 | D:2      | Identified the +6 dagger of Laeczapn {pain, Contam Int+9}
  1296 | D:1      | Reached skill level 4 in Long Blades
  1567 | D:1      | Reached XP level 5. HP: 47/47 MP: 4/4
  2379 | D:3      | Found an iron altar of Okawaru.
  2388 | D:3      | Became a worshipper of Warmaster Okawaru
  2477 | D:3      | Noticed a black bear
  2489 | D:3      | Killed a black bear
  2490 | D:3      | Reached skill level 5 in Fighting
  2490 | D:3      | Reached skill level 5 in Armour
  2490 | D:3      | Reached skill level 1 in Dodging
  2490 | D:3      | Reached XP level 6. HP: 17/56 MP: 5/5
  2736 | D:3      | Found a shimmering blue altar of Sif Muna.
  2736 | D:3      | Found a shadowy altar of Dithmenos.
  2846 | D:3      | Reached skill level 5 in Long Blades
  2954 | D:3      | Found a shimmering altar of Xom.
  3295 | D:2      | Bought a runed long sword for 149 gold pieces
  3511 | D:4      | Reached * piety under Okawaru
  3602 | D:4      | Reached XP level 7. HP: 40/61 MP: 6/6
  3617 | D:4      | Reached skill level 5 in Shields
  3629 | D:4      | Reached skill level 1 in Stealth
  3763 | D:4      | Reached skill level 6 in Long Blades
  3939 | D:4      | Found a staircase to the Ecumenical Temple.
  4186 | D:4      | Found a runed translucent gate.
  4186 | D:4      | Found a runed translucent gate.
  4433 | D:4      | Found a runed translucent gate.
  4446 | D:4      | Noticed Peloso's ghost (weakling MiFi)
  4548 | D:5      | Entered Level 5 of the Dungeon
  4551 | D:5      | Noticed a wyvern
  4565 | D:5      | Killed a wyvern
  4565 | D:5      | Reached ** piety under Okawaru
  4566 | D:5      | Reached XP level 8. HP: 20/70 MP: 4/7
  5268 | D:5      | Reached skill level 7 in Long Blades
  6081 | D:6      | Found a transporter.
  6081 | D:6      | Found a transporter.
  6082 | D:6      | Noticed H0rd4k's ghost (novice OpAr)
  6085 | D:6      | Identified the +3 dire flail "Kiti Cam" {flame, rF+}
  6085 | D:6      | Identified the +10 great mace of Accidental Termination
                  | {flame, Will+}
  6085 | D:6      | Noticed a two-headed ogre
  6126 | D:6      | Reached skill level 8 in Long Blades
  6162 | D:6      | Reached skill level 1 in Invocations
  6483 | D:6      | Found a glowing golden altar of the Shining One.
  6587 | D:6      | Noticed Dowan
  6617 | D:6      | Killed Dowan
  6618 | D:6      | Reached XP level 9. HP: 75/78 MP: 5/8
  6721 | D:6      | Noticed Duvessa
  6723 | D:6      | Noticed Pikel
  6732 | D:6      | Slain by Duvessa

Illustrated notes

Levels and vault maps discovered:
D:1:      dpeg_arrival_snail, layout_loops_ring, hangedman_abyss_or_decor_stabs,
          minmay_tiny_reverse_x
D:2:      layout_rooms, serial_shops, shop, nicolae_square_shop,
          nicolae_shop_behind_doors, nicolae_square_shop,
          nicolae_shop_advertising_works [nicolae_subvault_shop_adworks],
          hellmonk_ecumenical_altar_lost_god, minmay_octomino_c4, uniq_natasha
D:3:      layout_basic, nicolae_overflow_two_pavilions,
          mainiacjoe_overflow_alcove_1, mainiacjoe_overflow_24_doors,
          hex_intersection
D:4:      layout_basic, minmay_temple_entry_slanted, ebering_ghost_rock_garden
D:5:      layout_basic
D:6:      layout_basic, tso_metal_star, makhleb_blood_cavern_becter,
          gammafunk_ghost_smash, corexii_corridor_pit,
          kennysheep_generic_room_3, uniq_prince_ribbit1, uniq_duvessa,
          uniq_pikel

Skill      XL: |  1  2  3  4  5  6  7  8 |
---------------+-------------------------+-----
Armour         | 4 5 6 7 |  7.7
Shields        | 4 5 6 |  6.0
Fighting       | 4 5 6 |  6.5
Long Blades    | 3 4 5 6 8 |  8.5
Dodging        | 1 2 3 4 |  4.4
Stealth        | 1 |  1.1
Invocations    | 1 |  1.0

Action                   |  1- 3 |  4- 6 |  7- 9 || total
-------------------------+-------+-------+-------++-------
Melee: Long sword        |    67 |   133 |   254 ||   454
       Headbutt          |     8 |    19 |    51 ||    78
Invok: Heroism           |       |       |     8 ||     8
  Use: Scroll            |       |     4 |       ||     4
Armor: Scale mail        |    35 |    72 |    69 ||   176
       Chain mail        |       |       |    25 ||    25
Dodge: Dodged            |    42 |    87 |   103 ||   232
Block: Buckler           |    15 |    48 |    61 ||   124
